Patriotes vs Remparts
Created - 23 janvier 2017 at 19:07
Goals
|
| Patriotes |
2 |
3 |
1 |
0 |
6 |
| Remparts |
3 |
2 |
1 |
1 |
7 |
|
Shots
|
| Patriotes |
9 |
15 |
10 |
2 |
36 |
| Remparts |
17 |
16 |
9 |
1 |
43 |
|
1st period
1. Patriotes , Melker Karlsson 12 (Anthony Bitetto) at 10:36
2. Remparts , Pasi Salonen 14 (Nate Guenin, Cédric Lalonde-McNicoll) at 15:54
3. Patriotes , Matt Calvert 7 (Anthony Bitetto, Mathieu Perreault) at 16:33
4. Remparts , Pasi Salonen 15 (Guillaume Desbiens, Brandon Gormley) at 16:45
5. Remparts , Jonathan Matsumoto 31 (Daniel Paille) at 18:44 (PP)
Penalties :
Stephen Johns (Nyc) for Cross-checking (Minor) at 5:02, Anthony Bitetto (Nyc) for Hooking (Minor) at 11:21, Petr Straka (Que) for Roughing (Minor) at 13:10, Anthony Bitetto (Nyc) for Slashing (Minor) at 18:14
2nd period
6. Remparts , Pasi Salonen 16 (Cédric Lalonde-McNicoll, Guillaume Desbiens) at 2:25 (PP)
7. Patriotes , Tomas Kurka 13 (Matt Calvert, Mathieu Perreault) at 5:58
8. Patriotes , Timothy Kunes 3 (Jordie Benn, Zenon Konopka) at 13:18 (PP)
9. Patriotes , Barry Tallackson 3 (Tomas Kurka, Christian Hanson) at 13:42
10. Remparts , Brandon Gormley 2 (William Colbert, Pasi Salonen) at 16:05
Penalties :
Jordie Benn (Nyc) for Boarding (Minor) at 1:51, Mike Funk (Nyc) for Tripping (Minor) at 7:52, Radko Gudas (Que) for Holding (Minor) at 12:43, Radko Gudas (Que) for Cross-checking (Minor) at 13:45
3rd period
11. Remparts , Jonathan Matsumoto 32 (Daniel Paille, Radko Gudas) at 8:28
12. Patriotes , Barry Tallackson 4 (Tomas Kurka, Robbie Russo) at 12:37
Penalties :
Robbie Russo (Nyc) for Hooking (Minor) at 1:44, Christian Hanson (Nyc) for Cross-checking (Minor) at 9:47, Jonathan Matsumoto (Que) for High sticking (Minor) at 15:20
Overtime #1
13. Remparts , Pasi Salonen 17 (Brandon Gormley) at 4:56
Penalties :
No Penalty
Goalie Stats
Marek Schwarz (Nyc), 36 saves from 43 shots - (0,837), OTL, 13-14-2, 64:56 minutes
Petr Mrazek (Que), 30 saves from 36 shots - (0,833), W, 11-5-1, 64:56 minutes
Players Stats for Patriotes
Player Name G A P +/- PIM S H SB GA TA FO MP PP MP PK MP
------------------------------------------------------------------------------------
Anthony Bitetto 0 2 2 1 4 1 2 1 1 0 0/0 23:01 2:37 3:36
Austin Watson 0 0 0 1 0 1 1 0 0 0 0/0 6:29 0:00 0:15
Barry Tallackson 2 0 2 0 0 6 0 0 0 1 2/2 26:30 2:57 6:23
Christian Hanson 0 1 1 -1 2 2 5 1 0 1 19/39 21:43 3:09 2:31
Fedor Fedorov 0 0 0 -1 0 1 2 0 1 0 0/0 20:35 2:47 3:55
Jared Knight 0 0 0 0 0 0 0 0 0 0 0/0 1:42 0:41 0:00
Jordie Benn 0 1 1 -1 2 2 1 0 0 0 0/0 30:47 3:45 6:18
Lauri Tukonen 0 0 0 0 0 2 2 0 0 0 0/0 14:56 2:47 0:00
Mathieu Perreault 0 2 2 0 0 3 2 0 0 0 1/4 11:18 0:00 1:28
Matt Calvert 1 1 2 0 0 2 1 0 0 2 0/0 10:48 0:37 0:00
Melker Karlsson 1 0 1 1 0 1 3 0 1 0 2/3 6:38 0:00 0:24
Mike Funk 0 0 0 1 2 4 0 2 0 0 0/0 22:58 2:37 3:09
Robbie Russo 0 1 1 0 2 0 1 0 0 0 0/0 11:42 0:00 1:43
Scott Glennie 0 0 0 1 0 1 0 1 0 0 0/0 6:41 0:25 0:00
Stephen Johns 0 0 0 0 2 0 0 1 0 3 0/0 10:33 0:01 0:00
Timothy Kunes 1 0 1 -1 0 1 2 1 2 1 0/0 31:22 3:45 6:52
Tomas Kurka 1 2 3 0 0 7 0 2 0 0 8/18 26:54 2:55 6:42
Zach Budish 0 0 0 0 0 1 1 0 0 0 0/0 9:05 0:00 0:00
Zenon Konopka 0 1 1 0 0 1 1 0 1 0 5/7 14:56 2:47 0:00
Players Stats for Remparts
Player Name G A P +/- PIM S H SB GA TA FO MP PP MP PK MP
------------------------------------------------------------------------------------
Brandon Gormley 1 2 3 2 0 3 1 1 0 0 0/0 29:32 6:22 1:54
Cédric Lalonde-McNicoll 0 2 2 3 0 0 2 0 0 0 6/17 19:37 4:45 3:12
Dale Weise 0 0 0 -1 0 1 0 0 0 0 0/0 6:26 0:00 0:00
Daniel Paille 0 2 2 -1 0 5 2 0 3 0 4/5 24:06 6:04 1:02
Erik Gustafsson 0 0 0 -1 0 0 0 1 0 0 0/0 10:15 0:00 0:42
Geordie Wudrick 0 0 0 0 0 0 0 0 0 0 0/0 0:00 0:00 0:00
Guillaume Desbiens 0 2 2 2 0 4 0 0 1 0 0/0 15:22 4:45 0:00
Jarod Palmer 0 0 0 0 0 5 1 0 0 0 1/2 9:58 0:10 1:44
Johannes Salmonsson 0 0 0 -2 0 3 0 1 2 0 0/0 14:27 0:00 3:25
Jonathan Cheechoo 0 0 0 -2 0 0 0 1 0 1 1/1 11:35 0:00 1:02
Jonathan Matsumoto 2 0 2 -1 2 8 1 1 0 1 21/40 23:27 6:04 0:22
Luca Caputi 0 0 0 -1 0 0 1 0 1 0 0/0 6:26 0:00 0:00
Max Reinhart 0 0 0 -2 0 0 0 0 0 0 1/4 11:02 0:00 0:13
Nate Guenin 0 1 1 -1 0 1 0 0 0 0 0/0 10:22 0:00 0:49
Pasi Salonen 4 1 5 4 0 7 1 1 0 0 1/1 18:57 4:45 1:44
Petr Straka 0 0 0 -1 2 0 0 0 0 0 1/3 21:34 5:53 0:00
Radko Gudas 0 1 1 2 4 3 2 1 0 1 0/0 30:39 6:22 2:32
Ty Wishart 0 0 0 -1 0 0 1 2 0 2 0/0 23:47 4:27 2:55
William Colbert 0 1 1 0 0 3 4 0 1 1 0/0 25:36 4:27 3:52
3 Stars
1 - Pasi Salonen (Que)
2 - Brandon Gormley (Que)
3 - Tomas Kurka (Nyc)
Power Play
Patriotes - 1 on 4 Attempt(s) - 25,00%
Remparts - 2 on 7 Attempt(s) - 28,57%
Penalty Kill
Patriotes - 5 on 7 Attempt(s) - 71,43%
- Score 0 goal in Penalty Kill
Remparts - 3 on 4 Attempt(s) - 75,00%
- Score 0 goal in Penalty Kill
Team Stat
Patriotes - Hits : 24 - Faceoff Wins : 37 - Blocked Shots : 9 - Penalty Minutes : 14
Remparts - Hits : 16 - Faceoff Wins : 36 - Blocked Shots : 9 - Penalty Minutes : 8
Official
Referees : Banfield David and Marouelli Dan
Linesman : Lyle Seitz and Michel Cormier
Game Notes
Pasi Salonen has scored a Hat Trick!
Finance
Level 1 -- Attendance: 1333 (66,65%) -- Ticket Income 33 325 $
Level 2 -- Attendance: 731 (73,10%) -- Ticket Income 10 965 $
Total Attendance: 2064 (68,80%)
Total Ticket Income: 44 290 $
Other Income: 2 214 $
Total Income: 46 504 $
Patriotes
5 vs 5 Forward
Center Left Wing Right Wing Time % Phy DF OF
1 Christian Hanson Tomas Kurka Barry Tallackson 40 1 2 2
2 Zenon Konopka Fedor Fedorov Lauri Tukonen 30 1 2 2
3 Mathieu Perreault Matt Calvert Zach Budish 20 1 2 2
4 Melker Karlsson Austin Watson Scott Glennie 10 1 2 2
5 vs 5 Defense
Defense Defense Time % Phy DF OF
1 Timothy Kunes Jordie Benn 40 1 2 2
2 Anthony Bitetto Mike Funk 30 1 2 2
3 Stephen Johns Robbie Russo 20 1 2 2
4 Timothy Kunes Jordie Benn 10 1 2 2
PowerPlay Forward
Center Left Wing Right Wing Time % Phy DF OF
1 Christian Hanson Tomas Kurka Barry Tallackson 60 1 2 2
2 Zenon Konopka Fedor Fedorov Lauri Tukonen 40 1 2 2
PowerPlay Defense
Defense Defense Time % Phy DF OF
1 Timothy Kunes Jordie Benn 60 1 2 2
2 Anthony Bitetto Mike Funk 40 1 2 2
Penalty Kill 4 Players Forward
Center Wing Time % Phy DF OF
1 Tomas Kurka Barry Tallackson 60 1 2 2
2 Christian Hanson Fedor Fedorov 40 1 2 2
Penalty Kill 4 Players Defense
Defense Defense Time % Phy DF OF
1 Timothy Kunes Jordie Benn 60 1 2 2
2 Anthony Bitetto Mike Funk 40 1 2 2
Penalty Kill - 3 Players Forward
Forward Time % Phy DF OF
1 Tomas Kurka 60 1 2 2
2 Barry Tallackson 40 1 2 2
Penalty Kill - 3 Players Defense
Defense Defense Time % Phy DF OF
1 Timothy Kunes Jordie Benn 60 1 2 2
2 Anthony Bitetto Mike Funk 40 1 2 2
4 vs 4 Forward
Center Wing Time % Phy DF OF
1 Tomas Kurka Barry Tallackson 60 1 2 2
2 Christian Hanson Fedor Fedorov 40 1 2 2
4 vs 4 Defense
Defense Defense Time % Phy DF OF
1 Timothy Kunes Jordie Benn 60 1 2 2
2 Anthony Bitetto Mike Funk 40 1 2 2
Last Minutes Offensive
Center Left Wing Right Wing Defense Defense
Christian Hanson Tomas Kurka Barry Tallackson Timothy Kunes Jordie Benn
Last Minutes Defensive
Center Left Wing Right Wing Defense Defense
Christian Hanson Tomas Kurka Barry Tallackson Timothy Kunes Jordie Benn
Goaltenders
Starting : Marek Schwarz
Backup : Jason Missiaen
Extra Forwards
Normal : Jared Knight, Matt Calvert, Mathieu Perreault - PP : Jared Knight, Matt Calvert - PK : Mathieu Perreault
Extra Defensemen
Normal : Stephen Johns, Robbie Russo, Anthony Bitetto - PP : Stephen Johns - PK : Robbie Russo, Anthony Bitetto
Penalty Shots
Tomas Kurka, Barry Tallackson, Christian Hanson, Fedor Fedorov, Matt Calvert
Remparts
5 vs 5 Forward
Center Left Wing Right Wing Time % Phy DF OF
1 Jonathan Matsumoto Daniel Paille Petr Straka 40 0 2 3
2 Cédric Lalonde-McNicoll Pasi Salonen Guillaume Desbiens 30 0 2 3
3 Max Reinhart Johannes Salmonsson Jonathan Cheechoo 20 0 3 2
4 Jarod Palmer Luca Caputi Dale Weise 10 1 2 2
5 vs 5 Defense
Defense Defense Time % Phy DF OF
1 Brandon Gormley Radko Gudas 40 0 2 3
2 William Colbert Ty Wishart 30 0 2 3
3 Nate Guenin Erik Gustafsson 20 1 2 2
4 Brandon Gormley Radko Gudas 10 0 2 3
PowerPlay Forward
Center Left Wing Right Wing Time % Phy DF OF
1 Jonathan Matsumoto Daniel Paille Petr Straka 60 0 1 4
2 Cédric Lalonde-McNicoll Pasi Salonen Guillaume Desbiens 40 0 1 4
PowerPlay Defense
Defense Defense Time % Phy DF OF
1 Radko Gudas Brandon Gormley 60 0 2 3
2 William Colbert Ty Wishart 40 0 2 3
Penalty Kill 4 Players Forward
Center Wing Time % Phy DF OF
1 Cédric Lalonde-McNicoll Johannes Salmonsson 60 1 4 0
2 Jarod Palmer Pasi Salonen 40 1 4 0
Penalty Kill 4 Players Defense
Defense Defense Time % Phy DF OF
1 Radko Gudas William Colbert 60 1 4 0
2 Brandon Gormley Ty Wishart 40 1 4 0
Penalty Kill - 3 Players Forward
Forward Time % Phy DF OF
1 Cédric Lalonde-McNicoll 60 1 4 0
2 Max Reinhart 40 1 4 0
Penalty Kill - 3 Players Defense
Defense Defense Time % Phy DF OF
1 Radko Gudas William Colbert 60 1 4 0
2 Brandon Gormley Ty Wishart 40 1 4 0
4 vs 4 Forward
Center Wing Time % Phy DF OF
1 Jonathan Matsumoto Daniel Paille 60 0 2 3
2 Cédric Lalonde-McNicoll Pasi Salonen 40 0 2 3
4 vs 4 Defense
Defense Defense Time % Phy DF OF
1 Brandon Gormley Radko Gudas 60 0 2 3
2 William Colbert Ty Wishart 40 0 2 3
Last Minutes Offensive
Center Left Wing Right Wing Defense Defense
Jonathan Matsumoto Daniel Paille Petr Straka Brandon Gormley Radko Gudas
Last Minutes Defensive
Center Left Wing Right Wing Defense Defense
Cédric Lalonde-McNicoll Daniel Paille Guillaume Desbiens William Colbert Nate Guenin
Goaltenders
Starting : Petr Mrazek
Backup : Tyler Plante
Extra Forwards
Normal : Pasi Salonen, Jarod Palmer, Petr Straka - PP : Petr Straka, Jarod Palmer - PK : Jonathan Cheechoo
Extra Defensemen
Normal : William Colbert, Brandon Gormley, Ty Wishart - PP : Brandon Gormley - PK : Ty Wishart, Erik Gustafsson
Penalty Shots
Pasi Salonen, Daniel Paille, Jonathan Matsumoto, Jonathan Cheechoo, Jarod Palmer
% Time on Ice - Patriotes
Lines # - Real PCT - Wanted PCT - Time Play
Normal Forward
1 - 36% - 40% - 15:11
2 - 28% - 30% - 12:09
3 - 21% - 20% - 9:05
4 - 15% - 10% - 6:14
Normal Defense
1 - 41% - 40% - 17:40
2 - 34% - 30% - 14:35
3 - 23% - 20% - 9:51
4 - 1% - 10% - 0:33
PP Forward
1 - 56% - 60% - 3:35
2 - 44% - 40% - 2:47
PP Defense
1 - 59% - 60% - 3:45
2 - 41% - 40% - 2:37
PK Forward
1 - 69% - 60% - 7:30
2 - 31% - 40% - 3:19
PK Defense
1 - 63% - 60% - 6:52
2 - 37% - 40% - 3:57
PK3 Forward
1 - 0% - 60%
2 - 0% - 40%
PK3 Defense
1 - 0% - 60%
2 - 0% - 40%
44 Forward
1 - 70% - 60% - 3:35
2 - 30% - 40% - 1:31
44 Defense
1 - 53% - 60% - 2:41
2 - 47% - 40% - 2:25
Last Minute Offensive - 0:00
Last Minute Defensive - 0:00
Total
Forward - 64:56
Defense - 64:56
|
% Time on Ice - Remparts
Lines # - Real PCT - Wanted PCT - Time Play
Normal Forward
1 - 34% - 40% - 14:37
2 - 26% - 30% - 11:03
3 - 25% - 20% - 10:33
4 - 15% - 10% - 6:26
Normal Defense
1 - 42% - 40% - 17:53
2 - 34% - 30% - 14:22
3 - 22% - 20% - 9:33
4 - 2% - 10% - 0:51
PP Forward
1 - 56% - 60% - 6:04
2 - 44% - 40% - 4:45
PP Defense
1 - 59% - 60% - 6:22
2 - 41% - 40% - 4:27
PK Forward
1 - 73% - 60% - 4:38
2 - 27% - 40% - 1:44
PK Defense
1 - 80% - 60% - 5:06
2 - 20% - 40% - 1:16
PK3 Forward
1 - 0% - 60%
2 - 0% - 40%
PK3 Defense
1 - 0% - 60%
2 - 0% - 40%
44 Forward
1 - 79% - 60% - 4:03
2 - 21% - 40% - 1:03
44 Defense
1 - 60% - 60% - 3:03
2 - 40% - 40% - 2:03
Last Minute Offensive - 0:00
Last Minute Defensive - 0:00
Total
Forward - 64:56
Defense - 64:56
|
Play by Play
1st period
0:01 of 1st period - Jonathan Matsumoto wins face-off versus Christian Hanson in neutral zone.
0:30 of 1st period - Brandon Gormley is hit by Zenon Konopka and loses puck.
0:49 of 1st period - Backhand shot by Johannes Salmonsson.
0:49 of 1st period - Deflect By Jonathan Cheechoo.
0:49 of 1st period - Shot Blocked by Mike Funk.
0:49 of 1st period - Puck is out of play.
0:50 of 1st period - Melker Karlsson wins face-off versus Max Reinhart in Patriotes zone.
0:57 of 1st period - Backhand shot by Scott Glennie.
0:57 of 1st period - Stopped by Petr Mrazek with a rebound.
1:15 of 1st period - Barry Tallackson is hit by Daniel Paille and loses puck.
1:56 of 1st period - Wrist shot by Matt Calvert.
1:56 of 1st period - Shot Misses the Net.
2:12 of 1st period - Wrist shot by Jarod Palmer.
2:12 of 1st period - Stopped by Marek Schwarz with a rebound.
2:44 of 1st period - Slapshot by Jarod Palmer.
2:44 of 1st period - Deflect By Luca Caputi.
2:44 of 1st period - Shot Hit the Post.
2:44 of 1st period - Puck is out of play.
2:45 of 1st period - Christian Hanson wins face-off versus Cédric Lalonde-McNicoll in Patriotes zone.
2:50 of 1st period - Snap shot by Pasi Salonen.
2:50 of 1st period - Shot Misses the Net.
2:52 of 1st period - Slapshot by Pasi Salonen.
2:52 of 1st period - Shot Blocked by Tomas Kurka.
3:10 of 1st period - Nate Guenin is hit by Lauri Tukonen.
3:42 of 1st period - Off-side.
3:43 of 1st period - Christian Hanson wins face-off versus Cédric Lalonde-McNicoll in neutral zone.
3:57 of 1st period - Snap shot by Guillaume Desbiens.
3:57 of 1st period - Stopped by Marek Schwarz with a rebound.
4:38 of 1st period - Radko Gudas is hit by Austin Watson and loses puck.
4:55 of 1st period - Slapshot by Jarod Palmer.
4:55 of 1st period - Stopped by Marek Schwarz without a rebound.
4:56 of 1st period - Jonathan Matsumoto wins face-off versus Christian Hanson in Patriotes zone.
5:02 of 1st period - Minor Penalty to Stephen Johns for Cross-checking.
5:03 of 1st period - Jonathan Matsumoto wins face-off versus Tomas Kurka in Patriotes zone.
6:10 of 1st period - Icing by Pasi Salonen.
6:11 of 1st period - Tomas Kurka wins face-off versus Cédric Lalonde-McNicoll in Remparts zone.
6:24 of 1st period - Snap shot by Jonathan Matsumoto.
6:24 of 1st period - Shot Misses the Net.
7:02 of 1st period - Penalty to Stephen Johns is over, Stephen Johns is back on ice.
7:07 of 1st period - Fedor Fedorov is hit by William Colbert and loses puck.
7:14 of 1st period - Wrist shot by Johannes Salmonsson.
7:14 of 1st period - Stopped by Marek Schwarz without a rebound.
7:15 of 1st period - Max Reinhart wins face-off versus Melker Karlsson in Patriotes zone.
7:30 of 1st period - Nate Guenin is hit by Melker Karlsson and loses puck.
8:27 of 1st period - Tomas Kurka is hit by Luca Caputi.
9:19 of 1st period - Snap shot by Lauri Tukonen.
9:19 of 1st period - Stopped by Petr Mrazek with a rebound.
9:33 of 1st period - Snap shot by Guillaume Desbiens.
9:33 of 1st period - Stopped by Marek Schwarz with a rebound.
9:46 of 1st period - Off-side.
9:47 of 1st period - Christian Hanson wins face-off versus Jarod Palmer in neutral zone.
10:14 of 1st period - Jonathan Matsumoto is hit by Timothy Kunes.
10:20 of 1st period - Slapshot by Jonathan Matsumoto.
10:20 of 1st period - Stopped by Marek Schwarz with a rebound.
10:36 of 1st period - Snap shot by Melker Karlsson.
10:36 of 1st period - Goal by Melker Karlsson - Patriotes : 1 - Remparts : 0.
10:37 of 1st period - Jonathan Matsumoto wins face-off versus Christian Hanson in neutral zone.
10:40 of 1st period - Wrist shot by Petr Straka.
10:40 of 1st period - Shot Blocked by Mike Funk.
11:21 of 1st period - Minor Penalty to Anthony Bitetto for Hooking.
11:22 of 1st period - Tomas Kurka wins face-off versus Jonathan Matsumoto in Patriotes zone.
11:37 of 1st period - Wrist shot by Daniel Paille.
11:37 of 1st period - Stopped by Marek Schwarz with a rebound.
12:07 of 1st period - Icing by Brandon Gormley.
12:08 of 1st period - Tomas Kurka wins face-off versus Cédric Lalonde-McNicoll in Remparts zone.
12:22 of 1st period - Wrist shot by Pasi Salonen.
12:22 of 1st period - Shot Misses the Net.
12:24 of 1st period - Snap shot by Cédric Lalonde-McNicoll.
12:24 of 1st period - Shot Blocked by Timothy Kunes.
12:26 of 1st period - Slapshot by Radko Gudas.
12:26 of 1st period - Stopped by Marek Schwarz without a rebound.
12:27 of 1st period - Daniel Paille wins face-off versus Tomas Kurka in Patriotes zone.
12:59 of 1st period - Timothy Kunes is hit by Cédric Lalonde-McNicoll and loses puck.
13:10 of 1st period - Minor Penalty to Petr Straka for Roughing.
13:11 of 1st period - Barry Tallackson wins face-off versus Jonathan Matsumoto in Remparts zone.
13:21 of 1st period - Penalty to Anthony Bitetto is over, Anthony Bitetto is back on ice.
13:38 of 1st period - Snap shot by Fedor Fedorov.
13:38 of 1st period - Stopped by Petr Mrazek with a rebound.
14:10 of 1st period - Radko Gudas is hit by Lauri Tukonen.
14:54 of 1st period - Slapshot by Brandon Gormley.
14:54 of 1st period - Stopped by Marek Schwarz with a rebound.
14:56 of 1st period - Slapshot by Daniel Paille.
14:56 of 1st period - Shot Misses the Net.
15:00 of 1st period - Snap shot by Daniel Paille.
15:00 of 1st period - Deflect By Jordie Benn.
15:00 of 1st period - Shot Misses the Net.
15:00 of 1st period - Puck is out of play.
15:01 of 1st period - Zenon Konopka wins face-off versus Cédric Lalonde-McNicoll in Patriotes zone.
15:10 of 1st period - Penalty to Petr Straka is over, Petr Straka is back on ice.
15:28 of 1st period - Icing by William Colbert.
15:29 of 1st period - Jonathan Matsumoto wins face-off versus Christian Hanson in Remparts zone.
15:38 of 1st period - Wrist shot by Petr Straka.
15:38 of 1st period - Deflect By Jonathan Matsumoto.
15:38 of 1st period - Stopped by Marek Schwarz without a rebound.
15:39 of 1st period - Cédric Lalonde-McNicoll wins face-off versus Christian Hanson in Patriotes zone.
15:44 of 1st period - Slapshot by Pasi Salonen.
15:44 of 1st period - Shot Blocked by Tomas Kurka.
15:46 of 1st period - Backhand shot by Pasi Salonen.
15:46 of 1st period - Stopped by Marek Schwarz with a rebound.
15:48 of 1st period - Snap shot by Pasi Salonen.
15:48 of 1st period - Shot Misses the Net.
15:50 of 1st period - Wrist shot by Cédric Lalonde-McNicoll.
15:50 of 1st period - Shot Misses the Net.
15:52 of 1st period - Slapshot by Nate Guenin.
15:52 of 1st period - Shot Misses the Net.
15:54 of 1st period - Slapshot by Pasi Salonen.
15:54 of 1st period - Goal by Pasi Salonen - Patriotes : 1 - Remparts : 1.
15:55 of 1st period - Jonathan Matsumoto wins face-off versus Christian Hanson in neutral zone.
15:58 of 1st period - Wrist shot by Jonathan Matsumoto.
15:58 of 1st period - Shot Misses the Net.
16:09 of 1st period - Wrist shot by Tomas Kurka.
16:09 of 1st period - Shot Blocked by Radko Gudas.
16:11 of 1st period - Snap shot by Christian Hanson.
16:11 of 1st period - Shot Blocked by Brandon Gormley.
16:23 of 1st period - Snap shot by Matt Calvert.
16:23 of 1st period - Shot Blocked by Jonathan Matsumoto.
16:29 of 1st period - Snap shot by Matt Calvert.
16:29 of 1st period - Stopped by Petr Mrazek with a rebound.
16:31 of 1st period - Slapshot by Anthony Bitetto.
16:31 of 1st period - Stopped by Petr Mrazek with a rebound.
16:33 of 1st period - Snap shot by Matt Calvert.
16:33 of 1st period - Goal by Matt Calvert - Patriotes : 2 - Remparts : 1.
16:34 of 1st period - Christian Hanson wins face-off versus Cédric Lalonde-McNicoll in neutral zone.
16:43 of 1st period - Snap shot by Guillaume Desbiens.
16:43 of 1st period - Shot Misses the Net.
16:45 of 1st period - Snap shot by Pasi Salonen.
16:45 of 1st period - Goal by Pasi Salonen - Patriotes : 2 - Remparts : 2.
16:46 of 1st period - Christian Hanson wins face-off versus Jonathan Matsumoto in neutral zone.
16:51 of 1st period - Snap shot by Barry Tallackson.
16:51 of 1st period - Stopped by Petr Mrazek with a rebound.
16:53 of 1st period - Wrist shot by Tomas Kurka.
16:53 of 1st period - Stopped by Petr Mrazek without a rebound.
16:54 of 1st period - Jonathan Matsumoto wins face-off versus Christian Hanson in Remparts zone.
17:01 of 1st period - Slapshot by Daniel Paille.
17:01 of 1st period - Stopped by Marek Schwarz without a rebound.
17:02 of 1st period - Christian Hanson wins face-off versus Cédric Lalonde-McNicoll in Patriotes zone.
17:04 of 1st period - Icing by Barry Tallackson.
17:05 of 1st period - Cédric Lalonde-McNicoll wins face-off versus Christian Hanson in Patriotes zone.
17:16 of 1st period - Jordie Benn is hit by William Colbert and loses puck.
18:08 of 1st period - Wrist shot by Johannes Salmonsson.
18:08 of 1st period - Stopped by Marek Schwarz with a rebound.
18:14 of 1st period - Minor Penalty to Anthony Bitetto for Slashing.
18:15 of 1st period - Tomas Kurka wins face-off versus Jonathan Matsumoto in Patriotes zone.
18:28 of 1st period - Wrist shot by Jonathan Matsumoto.
18:28 of 1st period - Stopped by Marek Schwarz without a rebound.
18:29 of 1st period - Jonathan Matsumoto wins face-off versus Tomas Kurka in Patriotes zone.
18:44 of 1st period - Wrist shot by Jonathan Matsumoto.
18:44 of 1st period - Goal by Jonathan Matsumoto - Patriotes : 2 - Remparts : 3.
18:45 of 1st period - Christian Hanson wins face-off versus Petr Straka in neutral zone.
18:57 of 1st period - Radko Gudas is hit by Christian Hanson and loses puck.
Goals for this period are 2 for Patriotes vs 3 for Remparts.
Shots for this period are 9 for Patriotes vs 17 for Remparts.
2nd period
0:01 of 2nd period - Christian Hanson wins face-off versus Jonathan Matsumoto in neutral zone.
0:07 of 2nd period - Icing by Brandon Gormley.
0:08 of 2nd period - Jonathan Matsumoto wins face-off versus Christian Hanson in Remparts zone.
0:56 of 2nd period - Wrist shot by Johannes Salmonsson.
0:56 of 2nd period - Shot Misses the Net.
0:58 of 2nd period - Slapshot by Brandon Gormley.
0:58 of 2nd period - Shot Misses the Net.
1:00 of 2nd period - Slapshot by Brandon Gormley.
1:00 of 2nd period - Shot Blocked by Anthony Bitetto.
1:02 of 2nd period - Slapshot by Radko Gudas.
1:02 of 2nd period - Stopped by Marek Schwarz without a rebound.
1:03 of 2nd period - Christian Hanson wins face-off versus Jonathan Matsumoto in Patriotes zone.
1:13 of 2nd period - Snap shot by Daniel Paille.
1:13 of 2nd period - Stopped by Marek Schwarz without a rebound.
1:14 of 2nd period - Christian Hanson wins face-off versus Jonathan Matsumoto in Patriotes zone.
1:19 of 2nd period - Snap shot by Barry Tallackson.
1:19 of 2nd period - Shot Blocked by Ty Wishart.
1:21 of 2nd period - Snap shot by Barry Tallackson.
1:21 of 2nd period - Shot Misses the Net.
1:23 of 2nd period - Snap shot by Mike Funk.
1:23 of 2nd period - Deflect By Barry Tallackson.
1:23 of 2nd period - Stopped by Petr Mrazek without a rebound.
1:24 of 2nd period - Christian Hanson wins face-off versus Daniel Paille in Remparts zone.
1:27 of 2nd period - Snap shot by Tomas Kurka.
1:27 of 2nd period - Deflect By Christian Hanson.
1:27 of 2nd period - Shot Misses the Net.
1:27 of 2nd period - Puck is out of play.
1:28 of 2nd period - Christian Hanson wins face-off versus Cédric Lalonde-McNicoll in Remparts zone.
1:29 of 2nd period - Snap shot by Barry Tallackson.
1:29 of 2nd period - Deflect By Brandon Gormley.
1:29 of 2nd period - Stopped by Petr Mrazek without a rebound.
1:30 of 2nd period - Christian Hanson wins face-off versus Cédric Lalonde-McNicoll in Remparts zone.
1:33 of 2nd period - Snap shot by Barry Tallackson.
1:33 of 2nd period - Deflect By Christian Hanson.
1:33 of 2nd period - Stopped by Petr Mrazek with a rebound.
1:51 of 2nd period - Minor Penalty to Jordie Benn for Boarding.
1:52 of 2nd period - Tomas Kurka wins face-off versus Jonathan Matsumoto in Patriotes zone.
2:18 of 2nd period - Tomas Kurka is hit by Radko Gudas and loses puck.
2:23 of 2nd period - Snap shot by Guillaume Desbiens.
2:23 of 2nd period - Shot Misses the Net.
2:25 of 2nd period - Wrist shot by Cédric Lalonde-McNicoll.
2:25 of 2nd period - Deflect By Pasi Salonen.
2:25 of 2nd period - Goal by Pasi Salonen - Patriotes : 2 - Remparts : 4.
2:26 of 2nd period - Zenon Konopka wins face-off versus Jonathan Matsumoto in neutral zone.
3:12 of 2nd period - Snap shot by Mathieu Perreault.
3:12 of 2nd period - Stopped by Petr Mrazek with a rebound.
3:14 of 2nd period - Slapshot by Robbie Russo.
3:14 of 2nd period - Shot Hit the Post.
3:42 of 2nd period - Melker Karlsson is hit by Jonathan Matsumoto and loses puck.
4:44 of 2nd period - Johannes Salmonsson is hit by Christian Hanson and loses puck.
4:57 of 2nd period - Daniel Paille is hit by Mathieu Perreault and loses puck.
5:06 of 2nd period - Wrist shot by Jonathan Matsumoto.
5:06 of 2nd period - Stopped by Marek Schwarz without a rebound.
5:07 of 2nd period - Zenon Konopka wins face-off versus Cédric Lalonde-McNicoll in Patriotes zone.
5:22 of 2nd period - Snap shot by Zenon Konopka.
5:22 of 2nd period - Stopped by Petr Mrazek with a rebound.
5:32 of 2nd period - Jonathan Matsumoto is hit by Matt Calvert and loses puck.
5:39 of 2nd period - Zach Budish is hit by William Colbert and loses puck.
5:58 of 2nd period - Snap shot by Tomas Kurka.
5:58 of 2nd period - Goal by Tomas Kurka - Patriotes : 3 - Remparts : 4.
5:59 of 2nd period - Christian Hanson wins face-off versus Petr Straka in neutral zone.
6:32 of 2nd period - Icing by Brandon Gormley.
6:33 of 2nd period - Zenon Konopka wins face-off versus Max Reinhart in Remparts zone.
7:08 of 2nd period - Icing by Mike Funk.
7:09 of 2nd period - Zenon Konopka wins face-off versus Jonathan Matsumoto in Patriotes zone.
7:14 of 2nd period - Backhand shot by Daniel Paille.
7:14 of 2nd period - Stopped by Marek Schwarz with a rebound.
7:52 of 2nd period - Minor Penalty to Mike Funk for Tripping.
7:53 of 2nd period - Jonathan Matsumoto wins face-off versus Tomas Kurka in Patriotes zone.
8:18 of 2nd period - Guillaume Desbiens is hit by Christian Hanson and loses puck.
8:27 of 2nd period - Wrist shot by Guillaume Desbiens.
8:27 of 2nd period - Deflect By Pasi Salonen.
8:27 of 2nd period - Stopped by Marek Schwarz without a rebound.
8:28 of 2nd period - Jonathan Matsumoto wins face-off versus Tomas Kurka in Patriotes zone.
9:52 of 2nd period - Penalty to Mike Funk is over, Mike Funk is back on ice.
9:58 of 2nd period - Barry Tallackson is hit by William Colbert.
10:26 of 2nd period - Jordie Benn is hit by Jarod Palmer and loses puck.
10:37 of 2nd period - Slapshot by Jonathan Matsumoto.
10:37 of 2nd period - Stopped by Marek Schwarz without a rebound.
10:38 of 2nd period - Mathieu Perreault wins face-off versus Jonathan Matsumoto in Patriotes zone.
11:07 of 2nd period - Slapshot by Ty Wishart.
11:07 of 2nd period - Shot Blocked by Stephen Johns.
11:23 of 2nd period - Slapshot by Mike Funk.
11:23 of 2nd period - Stopped by Petr Mrazek with a rebound.
11:25 of 2nd period - Snap shot by Anthony Bitetto.
11:25 of 2nd period - Deflect By Austin Watson.
11:25 of 2nd period - Stopped by Petr Mrazek with a rebound.
11:27 of 2nd period - Slapshot by Mike Funk.
11:27 of 2nd period - Shot Blocked by Johannes Salmonsson.
11:29 of 2nd period - Slapshot by Anthony Bitetto.
11:29 of 2nd period - Shot Blocked by Jonathan Cheechoo.
11:31 of 2nd period - Slapshot by Mike Funk.
11:31 of 2nd period - Shot Blocked by Ty Wishart.
11:49 of 2nd period - Wrist shot by Jarod Palmer.
11:49 of 2nd period - Stopped by Marek Schwarz with a rebound.
11:51 of 2nd period - Snap shot by William Colbert.
11:51 of 2nd period - Deflect By Mike Funk.
11:51 of 2nd period - Stopped by Marek Schwarz with a rebound.
11:53 of 2nd period - Slapshot by William Colbert.
11:53 of 2nd period - Stopped by Marek Schwarz with a rebound.
12:43 of 2nd period - Minor Penalty to Radko Gudas for Holding.
12:44 of 2nd period - Cédric Lalonde-McNicoll wins face-off versus Christian Hanson in Remparts zone.
13:16 of 2nd period - Slapshot by Jordie Benn.
13:16 of 2nd period - Shot Blocked by Pasi Salonen.
13:18 of 2nd period - Snap shot by Timothy Kunes.
13:18 of 2nd period - Goal by Timothy Kunes - Patriotes : 4 - Remparts : 4.
13:19 of 2nd period - Christian Hanson wins face-off versus Jonathan Matsumoto in neutral zone.
13:22 of 2nd period - Snap shot by Barry Tallackson.
13:22 of 2nd period - Shot Misses the Net.
13:24 of 2nd period - Slapshot by Jordie Benn.
13:24 of 2nd period - Stopped by Petr Mrazek with a rebound.
13:26 of 2nd period - Slapshot by Jordie Benn.
13:26 of 2nd period - Stopped by Petr Mrazek without a rebound.
13:27 of 2nd period - Jonathan Matsumoto wins face-off versus Christian Hanson in Remparts zone.
13:38 of 2nd period - Slapshot by Tomas Kurka.
13:38 of 2nd period - Stopped by Petr Mrazek with a rebound.
13:40 of 2nd period - Snap shot by Tomas Kurka.
13:40 of 2nd period - Stopped by Petr Mrazek with a rebound.
13:42 of 2nd period - Snap shot by Barry Tallackson.
13:42 of 2nd period - Goal by Barry Tallackson - Patriotes : 5 - Remparts : 4.
13:43 of 2nd period - Jonathan Matsumoto wins face-off versus Tomas Kurka in neutral zone.
13:45 of 2nd period - Minor Penalty to Radko Gudas for Cross-checking.
13:46 of 2nd period - Christian Hanson wins face-off versus Cédric Lalonde-McNicoll in Remparts zone.
15:38 of 2nd period - Nate Guenin is hit by Anthony Bitetto.
15:45 of 2nd period - Penalty to Radko Gudas is over, Radko Gudas is back on ice.
15:55 of 2nd period - Snap shot by Radko Gudas.
15:55 of 2nd period - Stopped by Marek Schwarz with a rebound.
15:57 of 2nd period - Snap shot by Jarod Palmer.
15:57 of 2nd period - Stopped by Marek Schwarz with a rebound.
15:59 of 2nd period - Wrist shot by Pasi Salonen.
15:59 of 2nd period - Shot Misses the Net.
16:01 of 2nd period - Snap shot by William Colbert.
16:01 of 2nd period - Stopped by Marek Schwarz with a rebound.
16:03 of 2nd period - Slapshot by Brandon Gormley.
16:03 of 2nd period - Stopped by Marek Schwarz with a rebound.
16:05 of 2nd period - Slapshot by Brandon Gormley.
16:05 of 2nd period - Goal by Brandon Gormley - Patriotes : 5 - Remparts : 5.
16:06 of 2nd period - Jonathan Matsumoto wins face-off versus Christian Hanson in neutral zone.
17:00 of 2nd period - Johannes Salmonsson is hit by Anthony Bitetto and loses puck.
17:17 of 2nd period - Christian Hanson is hit by Daniel Paille and loses puck.
18:08 of 2nd period - Snap shot by Guillaume Desbiens.
18:08 of 2nd period - Stopped by Marek Schwarz without a rebound.
18:09 of 2nd period - Jonathan Matsumoto wins face-off versus Christian Hanson in Patriotes zone.
19:51 of 2nd period - Snap shot by Tomas Kurka.
19:51 of 2nd period - Shot Misses the Net.
19:53 of 2nd period - Wrist shot by Christian Hanson.
19:53 of 2nd period - Stopped by Petr Mrazek without a rebound.
19:54 of 2nd period - Cédric Lalonde-McNicoll wins face-off versus Zenon Konopka in Remparts zone.
Goals for this period are 3 for Patriotes vs 2 for Remparts.
Shots for this period are 15 for Patriotes vs 16 for Remparts.
3rd period
0:01 of 3rd period - Christian Hanson wins face-off versus Jonathan Matsumoto in neutral zone.
0:10 of 3rd period - Slapshot by Barry Tallackson.
0:10 of 3rd period - Shot Misses the Net.
0:30 of 3rd period - Slapshot by Guillaume Desbiens.
0:30 of 3rd period - Stopped by Marek Schwarz with a rebound.
1:44 of 3rd period - Minor Penalty to Robbie Russo for Hooking.
1:45 of 3rd period - Tomas Kurka wins face-off versus Jonathan Matsumoto in Patriotes zone.
2:55 of 3rd period - Brandon Gormley is hit by Christian Hanson and loses puck.
3:44 of 3rd period - Penalty to Robbie Russo is over, Robbie Russo is back on ice.
3:52 of 3rd period - Slapshot by Mike Funk.
3:52 of 3rd period - Stopped by Petr Mrazek without a rebound.
3:53 of 3rd period - Melker Karlsson wins face-off versus Max Reinhart in Remparts zone.
4:38 of 3rd period - Slapshot by Cédric Lalonde-McNicoll.
4:38 of 3rd period - Deflect By Pasi Salonen.
4:38 of 3rd period - Shot Misses the Net.
4:38 of 3rd period - Puck is out of play.
4:39 of 3rd period - Cédric Lalonde-McNicoll wins face-off versus Tomas Kurka in Patriotes zone.
4:50 of 3rd period - Slapshot by Pasi Salonen.
4:50 of 3rd period - Stopped by Marek Schwarz without a rebound.
4:51 of 3rd period - Christian Hanson wins face-off versus Jonathan Matsumoto in Patriotes zone.
4:53 of 3rd period - Icing by Timothy Kunes.
4:54 of 3rd period - Daniel Paille wins face-off versus Christian Hanson in Patriotes zone.
5:21 of 3rd period - Wrist shot by Mathieu Perreault.
5:21 of 3rd period - Shot Misses the Net.
5:23 of 3rd period - Slapshot by Zach Budish.
5:23 of 3rd period - Stopped by Petr Mrazek without a rebound.
5:24 of 3rd period - Pasi Salonen wins face-off versus Mathieu Perreault in Remparts zone.
5:24 of 3rd period - Pasi Salonen is hit by Zach Budish.
5:38 of 3rd period - Wrist shot by Mathieu Perreault.
5:38 of 3rd period - Stopped by Petr Mrazek without a rebound.
5:39 of 3rd period - Jonathan Matsumoto wins face-off versus Christian Hanson in Remparts zone.
6:44 of 3rd period - Max Reinhart is hit by Fedor Fedorov and loses puck.
7:55 of 3rd period - Slapshot by Ty Wishart.
7:55 of 3rd period - Shot Misses the Net.
8:14 of 3rd period - Off-side.
8:15 of 3rd period - Christian Hanson wins face-off versus Jonathan Matsumoto in neutral zone.
8:28 of 3rd period - Snap shot by Jonathan Matsumoto.
8:28 of 3rd period - Goal by Jonathan Matsumoto - Patriotes : 5 - Remparts : 6.
8:29 of 3rd period - Jonathan Matsumoto wins face-off versus Christian Hanson in neutral zone.
9:05 of 3rd period - Wrist shot by Mathieu Perreault.
9:05 of 3rd period - Stopped by Petr Mrazek with a rebound.
9:07 of 3rd period - Snap shot by Mike Funk.
9:07 of 3rd period - Deflect By Radko Gudas.
9:07 of 3rd period - Stopped by Petr Mrazek with a rebound.
9:21 of 3rd period - Wrist shot by Luca Caputi.
9:21 of 3rd period - Deflect By Dale Weise.
9:21 of 3rd period - Stopped by Marek Schwarz with a rebound.
9:38 of 3rd period - Nate Guenin is hit by Robbie Russo and loses puck.
9:47 of 3rd period - Minor Penalty to Christian Hanson for Cross-checking.
9:48 of 3rd period - Petr Straka wins face-off versus Tomas Kurka in Patriotes zone.
9:55 of 3rd period - Wrist shot by Jonathan Matsumoto.
9:55 of 3rd period - Stopped by Marek Schwarz without a rebound.
9:56 of 3rd period - Tomas Kurka wins face-off versus Jonathan Matsumoto in Patriotes zone.
10:23 of 3rd period - Mathieu Perreault is hit by Pasi Salonen and loses puck.
11:34 of 3rd period - Jonathan Matsumoto is hit by Timothy Kunes and loses puck.
11:47 of 3rd period - Penalty to Christian Hanson is over, Christian Hanson is back on ice.
12:03 of 3rd period - Slapshot by Johannes Salmonsson.
12:03 of 3rd period - Stopped by Marek Schwarz with a rebound.
12:35 of 3rd period - Backhand shot by Tomas Kurka.
12:35 of 3rd period - Stopped by Petr Mrazek with a rebound.
12:37 of 3rd period - Wrist shot by Barry Tallackson.
12:37 of 3rd period - Goal by Barry Tallackson - Patriotes : 6 - Remparts : 6.
12:38 of 3rd period - Jonathan Matsumoto wins face-off versus Christian Hanson in neutral zone.
12:50 of 3rd period - Icing by Anthony Bitetto.
12:51 of 3rd period - Jonathan Matsumoto wins face-off versus Christian Hanson in Patriotes zone.
13:49 of 3rd period - Snap shot by Mathieu Perreault.
13:49 of 3rd period - Shot Misses the Net.
13:51 of 3rd period - Snap shot by Mike Funk.
13:51 of 3rd period - Stopped by Petr Mrazek with a rebound.
14:35 of 3rd period - Snap shot by Jarod Palmer.
14:35 of 3rd period - Stopped by Marek Schwarz with a rebound.
14:47 of 3rd period - Snap shot by Lauri Tukonen.
14:47 of 3rd period - Shot Blocked by Erik Gustafsson.
14:49 of 3rd period - Snap shot by Lauri Tukonen.
14:49 of 3rd period - Stopped by Petr Mrazek without a rebound.
14:50 of 3rd period - Daniel Paille wins face-off versus Zenon Konopka in Remparts zone.
14:55 of 3rd period - Slapshot by Daniel Paille.
14:55 of 3rd period - Stopped by Marek Schwarz without a rebound.
14:56 of 3rd period - Barry Tallackson wins face-off versus Jonathan Matsumoto in Patriotes zone.
15:08 of 3rd period - Slapshot by Tomas Kurka.
15:08 of 3rd period - Stopped by Petr Mrazek with a rebound.
15:20 of 3rd period - Minor Penalty to Jonathan Matsumoto for High sticking.
15:21 of 3rd period - Cédric Lalonde-McNicoll wins face-off versus Christian Hanson in Remparts zone.
17:14 of 3rd period - William Colbert is hit by Jordie Benn and loses puck.
17:19 of 3rd period - Snap shot by Matt Calvert.
17:19 of 3rd period - Shot Misses the Net.
17:20 of 3rd period - Penalty to Jonathan Matsumoto is over, Jonathan Matsumoto is back on ice.
17:21 of 3rd period - Snap shot by Matt Calvert.
17:21 of 3rd period - Deflect By Jared Knight.
17:21 of 3rd period - Shot Hit the Post.
17:21 of 3rd period - Puck is out of play.
17:22 of 3rd period - Daniel Paille wins face-off versus Mathieu Perreault in Remparts zone.
17:47 of 3rd period - Guillaume Desbiens is hit by Melker Karlsson.
17:51 of 3rd period - Nate Guenin is hit by Melker Karlsson and loses puck.
18:18 of 3rd period - Wrist shot by Nate Guenin.
18:18 of 3rd period - Shot Blocked by Christian Hanson.
18:20 of 3rd period - Slapshot by Nate Guenin.
18:20 of 3rd period - Stopped by Marek Schwarz with a rebound.
18:35 of 3rd period - Off-side.
18:36 of 3rd period - Jonathan Cheechoo wins face-off versus Mathieu Perreault in neutral zone.
19:01 of 3rd period - Melker Karlsson is hit by Radko Gudas and loses puck.
19:08 of 3rd period - Snap shot by Jarod Palmer.
19:08 of 3rd period - Shot Blocked by Scott Glennie.
19:28 of 3rd period - Fedor Fedorov is hit by Cédric Lalonde-McNicoll and loses puck.
Goals for this period are 1 for Patriotes vs 1 for Remparts.
Shots for this period are 10 for Patriotes vs 9 for Remparts.
Overtime #1
0:01 of 1st overtime period - Tomas Kurka wins face-off versus Jonathan Matsumoto in neutral zone.
0:04 of 1st overtime period - Slapshot by Tomas Kurka.
0:04 of 1st overtime period - Stopped by Petr Mrazek with a rebound.
0:06 of 1st overtime period - Slapshot by Barry Tallackson.
0:06 of 1st overtime period - Stopped by Petr Mrazek without a rebound.
0:07 of 1st overtime period - Jonathan Matsumoto wins face-off versus Tomas Kurka in Remparts zone.
1:40 of 1st overtime period - Mathieu Perreault is hit by Brandon Gormley and loses puck.
1:51 of 1st overtime period - William Colbert is hit by Fedor Fedorov and loses puck.
1:55 of 1st overtime period - Icing by William Colbert.
1:56 of 1st overtime period - Jarod Palmer wins face-off versus Christian Hanson in Remparts zone.
1:56 of 1st overtime period - Jarod Palmer is hit by Christian Hanson.
2:14 of 1st overtime period - Slapshot by Radko Gudas.
2:14 of 1st overtime period - Deflect By Petr Straka.
2:14 of 1st overtime period - Shot Misses the Net.
2:14 of 1st overtime period - Puck is out of play.
2:15 of 1st overtime period - Jonathan Matsumoto wins face-off versus Tomas Kurka in Patriotes zone.
3:28 of 1st overtime period - Fedor Fedorov is hit by Ty Wishart and loses puck.
4:35 of 1st overtime period - Johannes Salmonsson is hit by Mathieu Perreault and loses puck.
4:54 of 1st overtime period - Snap shot by Pasi Salonen.
4:54 of 1st overtime period - Shot Misses the Net.
4:56 of 1st overtime period - Snap shot by Pasi Salonen.
4:56 of 1st overtime period - Goal by Pasi Salonen - Patriotes : 6 - Remparts : 7.
Goals for this period are 0 for Patriotes vs 1 for Remparts.
Shots for this period are 2 for Patriotes vs 1 for Remparts.
Back to the Top